 Dungeon Crawl Stone Soup version 0.30.1-11-g7821555f0a (webtiles) character file.

Game seed: 11855687722078378759

41 Okkudo the Chopper (level 3, -6/33 HPs)
             Began as a Hill Orc Monk on Dec 4, 2023.
             Mangled by Crazy Yiuf
             ... wielding a +4 quarterstaff of chaos
              (9 damage)
             ... on level 2 of the Dungeon.
             The game lasted 00:05:47 (1639 turns).

Okkudo the Chopper (Hill Orc Monk)                  Turns: 1639, Time: 00:05:48

Health: -6/33      AC:  9    Str: 15    XL:     3   Next: 52%
Magic:  3/3        EV:  7    Int: 10    God:
Gold:   122        SH:  0    Dex: 13    Spells: 2/2 levels left

rFire   . . .        a - +0 hand axe
rCold   + . .        d - orb {light}
rNeg    . . .        h - +0 chain mail
rPois   .            (no helmet)
rElec   .            (no cloak)
rCorr   .            i - +0 pair of gloves
SInv    .            (no boots)
Will    .....        (no amulet) Stlth
                     e - ring of protection from fire
HPRegen 0.25/turn    k - ring of ice
MPRegen 0.08/turn

%: no passive effects
@: glowing
A: no striking features
a: no special abilities


You were on level 2 of the Dungeon.
You visited 1 branch of the dungeon, and saw 2 of its levels.

You collected 122 gold pieces.

Inventory:

Hand Weapons
 a - a +0 hand axe (weapon)
Armour
 d - an orb of light (worn)
 h - a +0 chain mail (worn)
 i - a +0 pair of gloves (worn)
Jewellery
 e - a ring of protection from fire (left hand)
 k - a ring of ice (right hand)
Scrolls
 b - 2 scrolls of poison {unknown}
 j - 3 scrolls of identify {unknown}
 l - a scroll of teleportation {unknown}
Potions
 c - a potion of ambrosia
 f - a potion of brilliance {unknown}
 g - a potion of heal wounds {unknown}
 m - a potion of curing {unknown}


   Skills:
 + Level 4.2 Fighting
 + Level 4.7 Axes
 + Level 2.9 Dodging


You had 2 spell levels left.
You didn't know any spells.
Your spell library contained the following spells:

 Spells                   Type           Power      Damage    Failure   Level
 Magic Dart               Conj           0%         1d3       99%         1
 Call Imp                 Summ           0%         N/A       100%        2
 Mephitic Cloud           Conj/Pois/Air  0%         N/A       100%        3


Dungeon Overview and Level Annotations

Branches:
Dungeon (2/15)

Altars:

Shops:
D:1 *![?   D:2 *

Annotations:
D:2 Crazy Yiuf


Message History

You kill the dart slug!
You see here a dart slug corpse.
You see here 9 stones.
A goblin comes into view. It is wielding a +0 club.
The goblin hits you but does no damage.
You barely miss the goblin. The goblin hits you but does no damage.
You hit the goblin.
The goblin is severely wounded.
The goblin closely misses you.
You barely miss the goblin.
The goblin is severely wounded.
The goblin barely misses you.
You hit the goblin.
You kill the goblin!
You see here a +0 club.
You see here a +0 club.
You open the door. You hit Crazy Yiuf but do no damage.
Crazy Yiuf hits you with a +4 quarterstaff of chaos!
You hit Crazy Yiuf.
Crazy Yiuf is lightly wounded.
Crazy Yiuf hits you with a +4 quarterstaff of chaos!
Crazy Yiuf burns you.
You slash Crazy Yiuf!
Crazy Yiuf is moderately wounded.
Crazy Yiuf hits you with a +4 quarterstaff of chaos!
* * * LOW HITPOINT WARNING * * *
Crazy Yiuf burns you.
* * * LOW HITPOINT WARNING * * *
You barely miss Crazy Yiuf.
Crazy Yiuf is moderately wounded.
Crazy Yiuf hits you but does no damage.
You hit Crazy Yiuf.
Crazy Yiuf is heavily wounded.
Crazy Yiuf closely misses you.
You hit Crazy Yiuf.
Crazy Yiuf is heavily wounded.
Crazy Yiuf yells, "Action meccalolo spinner!"
Crazy Yiuf hits you with a +4 quarterstaff of chaos!
You die...

# #.#
#....##
#..### # #.#
#....#
#######.....
# ##.#######
♣...P♣
#.......####
# #........#
♣...♣♣
#########
###..#######
♣♣.♣♣ .....#
♣.♣♣ ###.##
♣♣.♣
###.########
♣.♣♣
...........#
♣♣@♣
####.#######
#g# # #.#
... # #.#
#...# # #.#
#..)# # #.#
##### #.#
######
####.# ###
### #.....
.....# #.#
#.# #.####


You could see Crazy Yiuf.

Vanquished Creatures
  A worm (D:2)
  A dart slug (D:2)
  3 bats (D:1)
  An endoplasm (D:1)
  2 giant cockroaches
  5 goblins
  6 hobgoblins
  2 quokkas
  A ball python (D:2)
  2 frilled lizards
  5 kobolds
  2 rats (D:2)
31 creatures vanquished.

Notes
Turn   | Place    | Note
-------+----------+-------------------------------------------
     0 | D:1      | Okkudo the Hill Orc Monk began the quest for the Orb.
     0 | D:1      | Reached XP level 1. HP: 19/19 MP: 1/1
    56 | D:1      | Found Liemof's Distillery.
    65 | D:1      | Found Ofoic's Antique Armour Shop.
   199 | D:1      | Reached XP level 2. HP: 27/27 MP: 2/2
   307 | D:1      | Found Ziaghax's Magic Scroll Shop.
   614 | D:1      | Found Deneo's Assorted Antiques.
   920 | D:2      | Reached XP level 3. HP: 33/33 MP: 3/3
  1191 | D:2      | Found a runed translucent door.
  1192 | D:2      | Noticed Crazy Yiuf
  1347 | D:2      | Found Mifini's General Store.
  1639 | D:2      | Mangled by Crazy Yiuf

Illustrated notes

Levels and vault maps discovered:
D:1:      nagdon_arrival_zigzag_paths, layout_basic, serial_shops,
          nicolae_shop_rolled_up, shop, nicolae_shop_tiny_waterfront, shop
D:2:      layout_loops_ring, serial_shops, shop, uniq_crazy_yiuf_cottage

Skill      XL: |  1  2 |
---------------+-------+-----
Fighting       | 4 |  4.2
Axes           | |  4.7
Dodging        | |  2.9

Action                     || total
---------------------------++-------
  Melee: Hand axe          ||    78
 Armour: Robe              ||     3
         Ring mail         ||     7
         Chain mail        ||    19
  Dodge: Dodged            ||    28
